 Dungeon Crawl Stone Soup version 0.32-a0-433-g08bcfe7efd (webtiles) character file.

Game seed: 11399231340659413614

116 cforsyth the Slasher (level 5, -4/41 HPs)
             Began as a Coglin Gladiator on Feb 22, 2024.
             Slain by a gnoll
             ... wielding a +0 whip
              (5 damage)
             ... on level 3 of the Dungeon.
             The game lasted 00:03:03 (2202 turns).

cforsyth the Slasher (Coglin Gladiator)             Turns: 2202, Time: 00:03:03

Health: -4/41      AC:  4    Str: 14    XL:     5   Next: 1%
Magic:  5/5        EV: 12    Int:  7    God:
Gold:   55         SH:  0    Dex: 18    Spells: 4/4 levels left

rFire   . . .        a - +0 long sword {Vusi}
rCold   . . .        (no shield)
rNeg    . . .        b - +0 leather armour
rPois   .            c - +0 helmet
rElec   .            (no cloak)
rCorr   .            (no gloves)
SInv    .            (no boots)
Will    .....        (no amulet)
Stlth   +            (no ring)
HPRegen 0.26/turn    (no ring)
MPRegen 0.09/turn

%: no passive effects
@: immotile, revved
A: off-hand wielding, slow wielding, warmup strikes, legs shutdown
a: no special abilities


You were on level 3 of the Dungeon.
You visited 1 branch of the dungeon, and saw 3 of its levels.

You collected 55 gold pieces.


Innate Abilities, Weirdness & Mutations

You can wield a second weapon in your off-hand.
It takes a long time for you to wield or remove held weapons.
Your first few attacks do less damage.
Attacking and casting redirects power from your legs.


   Skills:
 + Level 3.3 Fighting
 + Level 3.9 Long Blades
 - Level 1.7 Throwing
 + Level 2.0 Armour
 - Level 2.6 Dodging


You had 4 spell levels left.
You didn't know any spells.
Your spell library contained the following spells:

 Spells                   Type           Power      Damage    Failure   Level
 Ensorcelled Hibernation  Hex/Ice        0%         N/A       65%         2
 Passwall                 Erth           0%         N/A       86%         3
 Swiftness                Air            0%         N/A       86%         3
 Tukima's Dance           Hex            0%         N/A       86%         3
 Passage of Golubria      Tloc           0%         N/A       99%         4
 Yara's Violent Unravell  Hex/Alch       0%         3d3       100%        5

Inventory:

Hand Weapons
 a - a +0 long sword (weapon) {Vusi}
Missiles
 d - 3 throwing nets (quivered) {=f}
 e - a javelin
Armour
 b - a +0 leather armour (worn)
 c - a +0 helmet (worn)
Wands
 m - a wand of roots (7)
Scrolls
 f - a scroll of teleportation {unknown}
 g - 2 scrolls of noise {unknown}
 i - a scroll of enchant armour {unknown}
Potions
 h - 2 potions of lignification {unknown}
 j - a potion of curing {unknown}
 k - a potion of attraction {unknown}
 l - a potion of brilliance {unknown}

Dungeon Overview and Level Annotations

Branches:
Dungeon (3/15)

Altars:
Trog

Shops:
D:1

[ #......#.##..###.#
#......#.##.## #.. #......#.##.#
## #......#.##.# ####.
#......#.#..# ....#
#......#...######## ##### ....#
#......#........... ..#.. ....#
#......##.######### #.#.# ....#
#......g@.........# #.#.# ....#
#......##g#######.###.#.#
....######.####...# #..........#
...........# #.### #...........
...........# #.######.....)...##
...........# ##......#.........#
####.......###.......#.........#
# ##[##.............#...[.....#
# #....#.#####...............#


You could see 2 gnolls.


Message History

You hit the gnoll.
You kill the gnoll!
Your Armour skill increases to level 2!
You closely miss the gnoll. The gnoll misses you.
You hit the gnoll.
The gnoll is moderately wounded.
The gnoll hits you with a +0 flail.
You slash the gnoll!
You kill the gnoll!
You have reached level 5!
You barely miss the gnoll. The gnoll barely misses you. x2
The gnoll hits you with a +0 whip. The gnoll closely misses you.
You hit the gnoll but do no damage. The gnoll hits you with a +0 flail!
The gnoll hits you with a +0 whip!
* * * LOW HITPOINT WARNING * * *
You hit the gnoll but do no damage. The gnoll hits you but does no damage.
The gnoll hits you with a +0 whip.
* * * LOW HITPOINT WARNING * * *
You hit the gnoll.
The gnoll is heavily wounded.
The gnoll hits you with a +0 flail.
* * * LOW HITPOINT WARNING * * *
The gnoll hits you with a +0 whip.
* * * LOW HITPOINT WARNING * * *
You hit the gnoll but do no damage.
The gnoll is heavily wounded.
The gnoll hits you with a +0 flail.
* * * LOW HITPOINT WARNING * * *
The gnoll hits you with a +0 whip.
You die...

Skill      XL: |  1  2  3  4 |
---------------+-------------+-----
Armour         | 1 2 |  2.0
Fighting       | 3 |  3.3
Long Blades    | |  3.9
Throwing       | |  1.7
Dodging        | |  2.6

Action                     |  1- 3 |  4- 6 || total
---------------------------+-------+-------++-------
  Melee: Long sword        |   148 |    91 ||   239
   Stab: Sleeping          |     2 |     1 ||     3
 Armour: Leather armour    |    86 |    63 ||   149
  Dodge: Dodged            |   129 |    58 ||   187

Levels and vault maps discovered:
D:1:      dpeg_arrival_lava_altar, layout_rooms,
          dreamdust_ecumenical_altar_drowned_temple, serial_shops,
          nicolae_shop_mannequins
D:2:      layout_loops_corners, minmay_misc_feat_secret_circle,
          minmay_worlds_worst_comb
D:3:      layout_basic, yredelemnul_forgotten_temple_becter,
          mainiacjoe_overflow_brackets

Notes
Turn   | Place    | Note
-------+----------+-------------------------------------------
     0 | D:1      | cforsyth the Coglin Gladiator began the quest for the Orb.
     0 | D:1      | Reached XP level 1. HP: 16/16 MP: 1/1
    80 | D:1      | Reached XP level 2. HP: 12/22 MP: 2/2
   302 | D:1      | Reached skill level 1 in Armour
   327 | D:1      | Found Waanen's Armour Emporium.
   327 | D:1      | Noticed an animated plate armour
   328 | D:1      | Noticed an animated storm dragon scales
   395 | D:1      | Reached XP level 3. HP: 16/28 MP: 3/3
   639 | D:1      | Found a faded altar of an unknown god.
  1244 | D:2      | Reached XP level 4. HP: 34/34 MP: 4/4
  1309 | D:2      | Reached skill level 3 in Fighting
  1935 | D:3      | Found a bloodstained altar of Trog.
  2195 | D:3      | Reached skill level 2 in Armour
  2198 | D:3      | Reached XP level 5. HP: 31/41 MP: 5/5
  2201 | D:3      | HP: 2/41 [gnoll/+0 whip (5)]
  2202 | D:3      | Slain by a gnoll

Vanquished Creatures
  2 gnolls (D:3)
  An adder (D:2)
  2 ribbon worms (D:2)
  8 ball pythons
  6 bats
  7 endoplasms
  8 giant cockroaches
  5 goblins
  7 hobgoblins
  9 jackals
  3 quokkas
  2 frilled lizards
  5 kobolds
  6 rats
  A spectral hobgoblin (D:1)
72 creatures vanquished.

Table legend: (Time is in decaauts)
 A = Elapsed time spent in this place.
 B = Non-inter-level travel time spent in this place.
 C = Inter-level travel time spent in this place.
 D = Time resting spent in this place.
 E = Time spent auto-exploring this place.
 F = Levels seen in this place.
 G = Mean time per level.
                   A        B        C        D        E       F      G
               +--------+--------+--------+--------+--------+-----+--------+
         Total |   2260 |   2202 |     58 |      0 |   1633 |   3 |  753.3 |
       Dungeon |   2260 |   2202 |     58 |      0 |   1633 |   3 |  753.3 |
               +--------+--------+--------+--------+--------+-----+--------+

Top non-repeatable levels by time:
     D:2: 1019 daAuts
     D:1: 867 daAuts
     D:3: 373 daAuts

Table legend:
 A = Non-vault XP
 B = Vault XP
 C = Vault XP percentage of total XP
 D = Non-vault monster count
 E = Vault monster count
 F = Vault count percentage of total count
                 A         B        C        D         E       F
            +---------+---------+-------+---------+---------+-------
      Total |     164 |       3 |   1.8 |      70 |       2 |   2.8
            +---------+---------+-------+---------+---------+-------
        D:1 |      46 |       1 |   2.1 |      27 |       1 |   3.6
        D:2 |      60 |       2 |   3.2 |      25 |       1 |   3.8
        D:3 |      58 |       0 |   0.0 |      18 |       0 |   0.0
            +---------+---------+-------+---------+---------+-------
